 Dungeon Crawl Stone Soup version 0.30-a0-777-ga9a30cbeda (webtiles) character file.

Game seed: 8599234406167083023

90 Querens the Shooter (level 4, 0/21 HPs)
             Began as a Spriggan Hexslinger on Feb 14, 2023.
             Slain by Grinder (5 damage)
             ... while paralysed by Grinder
             ... on level 3 of the Dungeon.
             The game lasted 00:05:10 (1375 turns).

Querens the Shooter (Spriggan Hexslinger)           Turns: 1375, Time: 00:05:10

Health: 0/21       AC: 10    Str:  6    XL:     4   Next: 32%
Magic:  5/7        EV:  4    Int: 14    God:
Gold:   93         SH:  0    Dex: 17    Spells: 4/5 levels left

rFire   + . .      SeeInvis +    a - +1 sling
rCold   + . .      Faith    .    (no shield)
rNeg    . . .      Spirit   .    c - +0 robe
rPois   +          Reflect  .    (helmet restricted)
rElec   +          Harm     .    (no cloak)
rCorr   +          Rampage  .    (gloves unavailable)
Will    .....                    (boots unavailable)
Stlth   ++                       (no amulet)
HPRegen 0.23/turn                f - +4 ring of protection
MPRegen 0.10/turn                h - +4 ring of protection

@: paralysed, resistant, invisible, very quick
A: very small, no large weapons, unfitting armour, see invisible, speed 3
a: no special abilities


You were on level 3 of the Dungeon.
You visited 1 branch of the dungeon, and saw 3 of its levels.

You collected 93 gold pieces.

Inventory:

Hand Weapons
 a - a +1 sling (weapon)
Armour
 c - a +0 robe (worn)
Jewellery
 f - a +4 ring of protection (left hand)
 h - a +4 ring of protection (right hand)
Scrolls
 b - a scroll of poison
Potions
 i - a potion of lignification {unknown}
 j - a potion of mutation {unknown}
 l - a potion of haste {unknown}
 n - a potion of attraction {unknown}


   Skills:
 - Level 0.7 Fighting
 + Level 4.6 Ranged Weapons
 - Level 2.6 Dodging
 - Level 1.3 Spellcasting
 - Level 3.6 Hexes


You had 4 spell levels left.
You knew the following spells:

 Your Spells              Type           Power      Damage    Failure   Level
a - Slow                  Hex            44%        N/A       6%          1

Your spell library contained the following spells:

 Spells                   Type           Power      Damage    Failure   Level
 Confusing Touch          Hex            11%        N/A       17%         3
 Necrotise                Necr           0%         1d4       26%         1
 Inner Flame              Hex/Fire       6%         N/A       36%         3
 Portal Projectile        Hex/Tloc       12%        N/A       36%         3
 Cause Fear               Hex            5%         N/A       50%         4
 Vampiric Draining        Necr           0%         2d6       58%         3
 Agony                    Necr           0%         N/A       100%        5


Dungeon Overview and Level Annotations

Branches:
Dungeon (3/15)

Altars:

Annotations:
D:3 Grinder


Innate Abilities, Weirdness & Mutations

You are very small and have problems with some larger weapons.
You are too small for most types of armour.
You have supernaturally acute eyesight. (SInv)
You cover ground extremely quickly. (Speed+++)


Message History

Okay, then.
Fire: a) +1 sling
Press: ? - help, Shift-Dir - straight line, f/p - Grinder
Aim: Grinder (purple smoke, lightly wounded, slow, 57% to hit)
You shoot a sling bullet. The sling bullet hits Grinder!
Grinder is moderately wounded.
Grinder gestures at you.
You struggle to resist.
Fire: a) +1 sling
Press: ? - help, Shift-Dir - straight line, f/p - Grinder
Aim: Grinder (purple smoke, moderately wounded, slow, 57% to hit)
You shoot a sling bullet.
The sling bullet hits Grinder but does no damage.
Grinder is moderately wounded.
Grinder hits you but does no damage.
Fire: a) +1 sling
Press: ? - help, Shift-Dir - straight line, f/p - Grinder
Aim: Grinder (purple smoke, moderately wounded, slow, 57% to hit)
You shoot a sling bullet.
The sling bullet closely misses Grinder.
Fire: a) +1 sling
Press: ? - help, Shift-Dir - straight line, f/p - Grinder
Aim: Grinder (purple smoke, moderately wounded, slow, 57% to hit)
You shoot a sling bullet.
The sling bullet hits Grinder but does no damage.
Grinder is moderately wounded.
Grinder says, "I used to sell toenails on the black market."
Grinder hits you.
* * * LOW HITPOINT WARNING * * *
You writhe in agony.
* * * LOW HITPOINT WARNING * * *
It was a potion of curing.
You feel better. Grinder hits you!
It was a potion of invisibility.
You fade into invisibility!
Grinder gestures at you.
You suddenly lose the ability to move!
Grinder hits you.
* * * LOW HITPOINT WARNING * * *
You writhe in agony.
You die...

##.###...>.# #.#
#. #.....#####.##
+.....'5......
#.....#####...
.......g..$....
######
##############.
#...<# #..5.....#.
#...†#
########.####.###.
####.# #@5§.§§..#
#...†. ......#
########## ######
#######


You could see Grinder (unable to see you, slow).

Vanquished Creatures
  Natasha (D:3)
  An adder (D:2)
  A dart slug (D:3)
  5 orcs (D:3)
  2 endoplasms (D:1)
  6 giant cockroaches
  3 goblins
  3 hobgoblins
  11 kobolds
  A quokka (D:3)
  4 ball pythons
  3 bats
  3 frilled lizards (D:2)
  2 rats (D:2)
46 creatures vanquished.

Notes
Turn   | Place    | Note
-------+----------+-------------------------------------------
     0 | D:1      | Querens the Spriggan Hexslinger began the quest for the
                  | Orb.
     0 | D:1      | Reached XP level 1. HP: 9/9 MP: 3/3
   202 | D:1      | Found a faded altar of an unknown god.
   489 | D:1      | Reached XP level 2. HP: 14/14 MP: 5/5
   637 | D:2      | Reached skill level 3 in Ranged Weapons
   767 | D:2      | You fall into a shaft and drop 1 floor!
   950 | D:2      | Reached XP level 3. HP: 14/17 MP: 6/6
  1079 | D:3      | Noticed Natasha
  1092 | D:3      | Killed Natasha
  1093 | D:3      | Reached skill level 4 in Ranged Weapons
  1129 | D:3      | Reached XP level 4. HP: 21/21 MP: 7/7
  1186 | D:3      | Identified the +2 helmet of Greater Demons {Str+2}
  1265 | D:3      | Noticed a kobold brigand
  1266 | D:3      | Noticed a kobold brigand
  1321 | D:3      | Noticed Grinder
  1373 | D:3      | Paralysed by Grinder for 3 turns
  1375 | D:3      | Slain by Grinder

Illustrated notes

Levels and vault maps discovered:
D:1:      dpeg_arrival_ratfight, layout_basic,
          shapermc_ecumenical_altar_totnotflames
D:2:      layout_basic
D:3:      cheibrodos_thug_alley, layout_basic, nicolae_ru_awakened_eye,
          vehumet_crystals, kennysheep_generic_room_4, uniq_natasha,
          uniq_grinder

Skill      XL: |  1  2  3 |
---------------+----------+-----
Ranged Weapons | 3 4 |  4.6
Fighting       | |  0.7
Dodging        | |  2.6
Spellcasting   | |  1.3
Hexes          | |  3.6

Action                     |  1- 3 |  4- 6 || total
---------------------------+-------+-------++-------
   Fire: Sling             |   102 |    53 ||   155
   Cast: Slow              |       |     3 ||     3
    Use: Potion            |       |     3 ||     3
         Scroll            |       |     2 ||     2
 Armour: Robe              |    15 |    20 ||    35
  Dodge: Dodged            |    45 |    58 ||   103

Table legend: (Time is in decaauts)
 A = Elapsed time spent in this place.
 B = Non-inter-level travel time spent in this place.
 C = Inter-level travel time spent in this place.
 D = Time resting spent in this place.
 E = Time spent auto-exploring this place.
 F = Levels seen in this place.
 G = Mean time per level.
                   A        B        C        D        E       F      G
               +--------+--------+--------+--------+--------+-----+--------+
         Total |    976 |    930 |     46 |      0 |      0 |   3 |  325.3 |
       Dungeon |    976 |    930 |     46 |      0 |      0 |   3 |  325.3 |
               +--------+--------+--------+--------+--------+-----+--------+

Top non-repeatable levels by time:
     D:1: 399 daAuts
     D:3: 296 daAuts
     D:2: 280 daAuts
